 Dungeon Crawl Stone Soup version 0.23.2 (webtiles) character file.

Game seed: 8202331769681167670

6120 Borgoz the Cleaver (level 10, -18/136 HPs)
             Began as a Hill Orc Berserker on Apr 10, 2019.
             Was an Elder of Trog.
             Demolished by an ettin
             ... wielding a +0 dire flail
              (41 damage)
             ... on level 11 of the Dungeon.
             The game lasted 00:21:35 (10613 turns).

Borgoz the Cleaver (Hill Orc Berserker)            Turns: 10613, Time: 00:21:37

Health: -18/136    AC:  8    Str: 26    XL:     10   Next: 89%
Magic:  3/3        EV: 14    Int: 10    God:    Trog [****..]
Gold:   691        SH:  0    Dex: 13    Spells: 9/9 levels left

rFire    + . .     SeeInvis .   E - +2 executioner's axe (antimagic)
rCold    . . .     Gourm    +   (shield currently unavailable)
rNeg     . . .     Faith    .   h - +2 leather armour {rF+}
rPois    +         Spirit   .   (no helmet)
rElec    .         Reflect  .   H - scarf {cloud immunity}
rCorr    .         Harm     .   (no gloves)
MR       .....                  j - +1 pair of boots
Stlth    ..........             n - amulet of the gourmand
HPRegen  0.32/turn              v - +3 ring of intelligence
MPRegen  0.08/turn              L - ring of poison resistance

@: berserking, drained, very quick
A: no striking features
a: Berserk, Trog's Hand, Brothers in Arms, Renounce Religion


You were on level 11 of the Dungeon.
You worshipped Trog.
Trog was greatly pleased with you.
You were full.

You visited 2 branches of the dungeon, and saw 12 of its levels.

You collected 756 gold pieces.
You spent 65 gold pieces at shops.

Inventory:

Hand Weapons
 E - a +2 antimagic executioner's axe (weapon)
Missiles
 k - 8 tomahawks of returning
 q - 19 tomahawks (quivered)
Armour
 h - a +2 leather armour of fire resistance (worn)
 j - a +1 pair of boots (worn)
 H - a scarf of cloud immunity (worn)
Jewellery
 d - a cursed amulet of inaccuracy {unknown}
 n - an amulet of the gourmand (around neck)
 v - a +3 ring of intelligence (left hand)
 L - a ring of poison resistance (right hand)
Wands
 x - a wand of random effects (44)
 y - a wand of flame (12)
 B - a wand of scattershot (9)
 D - a wand of digging (18)
 J - a wand of polymorph (9)
Scrolls
 a - a scroll of enchant armour
 b - 4 scrolls of remove curse
 f - a scroll of enchant weapon
 g - a scroll of blinking {unknown}
 i - 9 scrolls of teleportation
 t - 3 scrolls of fog
 w - 3 scrolls of magic mapping {unknown}
 z - 2 scrolls of silence
 I - a scroll of noise {unknown}
 M - 3 scrolls of identify
Potions
 e - a potion of berserk rage
 l - 3 potions of curing
 m - a potion of heal wounds
 o - a potion of mutation
 p - 2 potions of might
 r - 2 potions of cancellation
 u - a potion of flight
 A - a potion of invisibility
 F - a potion of agility
 G - 2 potions of lignification
 K - a potion of resistance {unknown}
Comestibles
 c - 17 rations


   Skills:
 * Level 9.6(8.5) Fighting
 * Level 10.5(9.4) Axes
 * Level 8.6(7.6) Armour
 * Level 6.4(5.5) Dodging
 + Level 4.7(3.8) Stealth
 + Level 1.5(0.7) Evocations


You had 9 spell levels left.
You didn't know any spells.
Your spell library was empty.

Dungeon Overview and Level Annotations

Branches:
Dungeon (11/15)            Temple (1/1) D:5             Orc (0/2) D:9
   Lair: D:8-11

Altars:
Ashenzari
Cheibriados
Dithmenos
Elyvilon
Fedhas
Gozag
Hepliaklqana
Kikubaaqudgha
Makhleb
Nemelex Xobeh
Okawaru
Qazlal
Ru
Sif Muna
Trog
Uskayaw
Vehumet
Wu Jian
Xom
Yredelemnul
Zin
The Shining One

Shops:
D:5 ?


Message History

You are too injured to fight recklessly!
An ettin comes into view. It is wielding two +0 dire flails.
The cyclops throws a large rock.
The large rock closely misses you.
A red film seems to cover your vision as you go berserk!
You feel yourself moving faster!
You feel mighty!
You feel a lot less full.
You open the cyclops like a pillowcase!!!
You kill the cyclops!
Trog accepts your kill.
You slash the warg! The warg bites you.
You barely miss the ettin. You closely miss the warg. The warg misses you.
The ettin hits you but does no damage.
The ettin hits you with a +0 dire flail!!
* * * LOW HITPOINT WARNING * * *
You slice the ettin!!
The ettin is heavily wounded.
You slice the warg!! The warg bites you!
* * * LOW HITPOINT WARNING * * *
The warg bites you but does no damage.
The ettin hits you with a +0 dire flail!!!
You die...

### .. . #.. .###. ..
###.##..... #..
#.#.#..... #...
#.#..... ..
#....#.....# ##.
+..........## ..
+.....C@(..(## .# ..
+......h...#.####.#
...
#....C............##.#
#....................#
#....................#
.......#...####...#...
.......#.### #...#
.......#.# ###...# #
#.....#


You could see 2 ettins and a warg.

Vanquished Creatures
  A cyclops (D:11)
  A spriggan (D:8)
  A warg (D:11)
  Duvessa (D:6)
  A black bear (D:6)
  An orc warrior (D:9)
  2 ice beasts
  A sky beast (D:6)
  7 ogres
  2 phantoms
  5 centaurs
  6 big kobolds
  3 bullfrogs
  Dowan (D:6)
  A wyvern skeleton (D:9)
  7 scorpions
  6 killer bees (D:10)
  7 wights
  7 howler monkeys
  6 crimson imps
  3 hounds
  A quasit (D:10)
  4 jellies
  Crazy Yiuf (D:6)
  9 orc priests
  10 orc wizards
  3 bullfrog skeletons
  2 iguanas
  15 worker ants
  A worker ant zombie (D:7)
  A howler monkey zombie (D:7)
  A howler monkey skeleton (D:11)
  12 adders
  3 shadow imps
  4 adder skeletons
  5 worms
  3 dart slugs (D:1)
  9 leopard geckos
  37 orcs
  3 ball pythons
  4 giant cockroaches
  11 goblins
  4 hobgoblins
  5 jackals
  32 kobolds
  3 quokkas
  7 bats
  4 frilled lizards
  A leopard gecko zombie (D:5)
  A quokka zombie (D:8)
  6 rats
272 creatures vanquished.

Vanquished Creatures (others)
  9 fungi (D:5)
9 creatures vanquished.

Grand Total: 281 creatures vanquished

Notes
Turn   | Place    | Note
-------+----------+-------------------------------------------
     0 | D:1      | Borgoz the Hill Orc Berserker began the quest for the Orb.
     0 | D:1      | Reached XP level 1. HP: 19/19 MP: 1/1
   422 | D:1      | You fall through a shaft!
   434 | D:2      | Reached XP level 2. HP: 20/27 MP: 2/2
   722 | D:1      | Reached XP level 3. HP: 15/33 MP: 3/3
  1749 | D:2      | Reached XP level 4. HP: 25/40 MP: 4/4
  1768 | D:2      | Reached skill level 1 in Stealth
  2199 | D:2      | Reached ** piety under Trog
  2224 | D:2      | Found an ornate altar of the Wu Jian Council.
  2579 | D:2      | Reached skill level 5 in Axes
  2579 | D:2      | Reached XP level 5. HP: 21/47 MP: 5/5
  3553 | D:4      | Noticed an ogre
  3555 | D:4      | Noticed an ogre
  3564 | D:4      | Killed an ogre
  3564 | D:4      | Reached XP level 6. HP: 18/55 MP: 6/6
  3566 | D:4      | Reached skill level 5 in Fighting
  3750 | D:4      | Reached skill level 6 in Axes
  3750 | D:4      | Reached XP level 7. HP: 51/61 MP: 7/7
  4324 | D:5      | Entered Level 5 of the Dungeon
  4637 | D:5      | Reached skill level 5 in Armour
  4637 | D:5      | Reached XP level 8. HP: 23/70 MP: 8/8
  5168 | D:5      | Found a staircase to the Ecumenical Temple.
  5218 | Temple   | Entered the Ecumenical Temple
  5548 | D:5      | Found Zakak's Magic Scroll Shoppe.
  5558 | D:5      | Reached skill level 7 in Axes
  5571 | D:5      | Bought a scroll of teleportation for 39 gold pieces
  5571 | D:5      | Bought a scroll of identify for 26 gold pieces
  6152 | D:5      | Found a hazy altar of Hepliaklqana.
  6302 | D:6      | Noticed Duvessa
  6303 | D:6      | Noticed Dowan
  6318 | D:6      | Killed Duvessa
  6318 | D:6      | Killed Dowan
  6554 | D:6      | Reached skill level 8 in Axes
  6554 | D:6      | Reached XP level 9. HP: 54/79 MP: 9/9
  6671 | D:6      | Reached *** piety under Trog
  6797 | D:6      | Found a runed translucent door.
  6798 | D:6      | Noticed Crazy Yiuf
  6828 | D:6      | Found an ornate altar of the Wu Jian Council.
  7044 | D:6      | Killed Crazy Yiuf
  7118 | D:7      | Found a sparkling altar of Nemelex Xobeh.
  7195 | D:7      | Reached skill level 5 in Dodging
  7465 | D:7      | Reached skill level 9 in Axes
  7550 | D:7      | Found a glowing golden altar of the Shining One.
  7646 | D:7      | Found a snail-covered altar of Cheibriados.
  7929 | D:8      | Reached **** piety under Trog
  8435 | D:8      | Reached XP level 10. HP: 84/90 MP: 10/10
  8728 | D:9      | Found a basalt altar of Yredelemnul.
  8880 | D:9      | Found a hide-covered altar of Uskayaw.
  8890 | D:9      | Found a staircase to the Orcish Mines.
  9116 | D:9      | Reached ***** piety under Trog
  9159 | D:9      | Reached skill level 10 in Axes
  9319 | D:9      | Found a burning altar of Makhleb.
  9494 | D:10     | Entered Level 10 of the Dungeon
  9563 | D:10     | Received a gift from Trog
  9667 | D:10     | Reached skill level 1 in Evocations
  9669 | D:10     | HP: 4/91 [wight/+3 dagger (6)]
  9697 | D:10     | HP: 6/136 [wight/+1 halberd (1)]
 10603 | D:11     | Noticed a cyclops
 10606 | D:11     | Noticed an ettin
 10609 | D:11     | Noticed an ettin
 10611 | D:11     | Killed a cyclops
 10613 | D:11     | Demolished by an ettin

Skill      XL: |  1  2  3  4  5  6  7  8  9 10 |
---------------+-------------------------------+-----
Dodging        | 2 3 4 5 6 |  6.4
Fighting       | 4 5 6 7 8 9 |  9.6
Armour         | 3 4 5 6 7 8 |  8.6
Stealth        | 1 2 3 4 |  4.7
Axes           | 5 6 8 9 10 | 10.5
Evocations     | 1 |  1.5

Action                   |  1- 3 |  4- 6 |  7- 9 | 10-12 || total
-------------------------+-------+-------+-------+-------++-------
Melee: Hand axe          |   110 |   116 |   450 |   163 ||   839
       Executioner's axe |       |       |       |   104 ||   104
Invok: Berserk           |     2 |     6 |     9 |     7 ||    24
       Trog's Hand       |       |     1 |     2 |     2 ||     5
Evoke: Wand              |       |       |       |     1 ||     1
  Use: Potion            |     1 |     3 |     4 |     6 ||    14
       Scroll            |       |     2 |    14 |     4 ||    20
 Stab: Sleeping          |     3 |     1 |     3 |     2 ||     9
  Eat: Chunk             |     4 |    12 |    35 |    11 ||    62
Armor: Animal skin       |     8 |       |       |       ||     8
       Leather armour    |     3 |    18 |    87 |   108 ||   216
Dodge: Dodged            |    59 |    74 |   307 |   284 ||   724
